 Dungeon Crawl Stone Soup version 0.29.1-2-gbd0b4ee654 (webtiles) character file.

Game seed: 9014893791547638111

140 eriqlaplus the Gusty (level 5, -9/28 HPs)
             Began as a Tengu Air Elementalist on Oct 31, 2022.
             Mangled by Duvessa
             ... wielding a +0 short sword
              (11 damage)
             ... on level 4 of the Dungeon.
             The game lasted 00:10:02 (4217 turns).

eriqlaplus the Gusty (Tengu Air Elementalist)       Turns: 4217, Time: 00:10:02

Health: -9/28      AC:  2    Str:  8    XL:     5   Next: 22%
Magic:  7/11       EV: 15    Int: 18    God:
Gold:   164        SH:  0    Dex: 14    Spells: 10/11 levels left

rFire   . . .      SeeInvis .   e - +0 dagger
rCold   . . .      Faith    .   (no shield)
rNeg    . . .      Spirit   .   a - +0 robe
rPois   .          Reflect  .   (helmet restricted)
rElec   .          Harm     .   (no cloak)
rCorr   .          Rampage  .   (no gloves)
Will    .....                   (boots unavailable)
Stlth   ++........              (no amulet)
HPRegen 0.09/turn               (no ring)
MPRegen 0.12/turn               (no ring)

@: flying quickly and evasively, quick
A: beak, talons 3, nimble flight
a: no special abilities


You were on level 4 of the Dungeon.
You visited 1 branch of the dungeon, and saw 4 of its levels.

You collected 164 gold pieces.

Inventory:

Hand Weapons
 e - a +0 dagger (weapon)
Armour
 a - a +0 robe (worn)
Jewellery
 c - a +4 ring of protection
Wands
 l - a wand of iceblast (15)
Scrolls
 g - 2 scrolls of identify {unknown}
 i - a scroll of poison {unknown}
 k - a scroll of magic mapping {unknown}
 m - a scroll of teleportation {unknown}
 n - a scroll of blinking {unknown}
 o - a scroll of torment {unknown}
 q - a scroll of immolation {unknown}
Potions
 b - a potion of magic
 d - a potion of heal wounds {unknown}
 f - a potion of ambrosia {unknown}
 h - a potion of cancellation {unknown}
 j - a potion of curing {unknown}
 p - a potion of flight {unknown}


   Skills:
 + Level 0.1 Fighting
 + Level 2.3 Dodging
 + Level 2.4 Stealth
 + Level 3.6 Spellcasting
 + Level 2.3 Conjurations
 + Level 5.2 Air Magic


You had 10 spell levels left.
You knew the following spells:

 Your Spells              Type           Power      Damage    Failure   Level
a - Shock                 Conj/Air       64%        1d7       3%          1

Your spell library contained the following spells:

 Spells                   Type           Power      Damage    Failure   Level
 Static Discharge         Conj/Air       16%        3-5/arc   4%          2
 Swiftness                Air            22%        N/A       5%          3
 Beastly Appendage        Tmut           6%         N/A       16%         1
 Airstrike                Air            11%        2d(2-18)  17%         4
 Wereblood                Tmut           3%         N/A       24%         2
 Spider Form              Tmut/Pois      3%         N/A       43%         3


Dungeon Overview and Level Annotations

Branches:
Dungeon (4/15)
 Temple: D:4-7

Altars:

Shops:
D:1 [(

Annotations:
D:4 Duvessa


Innate Abilities, Weirdness & Mutations

You have a beak for a mouth.
You have claws for feet.
Your magical nature lets you fly swiftly and evasively.


Message History

That beam is likely to hit you.
Continue anyway? [Y]es or [N]o only, please.
That beam is likely to hit you.
Continue anyway?
Okay, then.
Casting: Shock (safe; 3% risk of failure)
Confirm with . or Enter, or press ? or * to list all spells.
You don't know that spell.
You completely miss Duvessa. Your kick misses Duvessa.
Duvessa is heavily wounded.
Duvessa closely misses you.
Your magical contamination has completely faded away.
You hit Duvessa but do no damage.
Duvessa is heavily wounded.
Duvessa barely misses you.
You barely miss Duvessa. You claw Duvessa, but do no damage.
Duvessa is heavily wounded.
Duvessa completely misses you.
You hit Duvessa but do no damage. Your kick misses Duvessa.
Duvessa is heavily wounded.
Duvessa closely misses you.
You hit Duvessa but do no damage. You claw Duvessa, but do no damage.
Duvessa is heavily wounded.
Duvessa hits you with a +0 short sword.
* * * LOW HITPOINT WARNING * * *
You hit Duvessa.
Duvessa is severely wounded.
Duvessa says, "I don't care about looks, I care about technique!"
Duvessa closely misses you.
Casting: Shock (safe; 3% risk of failure)
Confirm with . or Enter, or press ? or * to list all spells.
Aiming: Shock (safe; 3% risk of failure)
Press: ? - help, Shift-Dir - straight line, f/p - Duvessa
Aim: Duvessa, wielding a +0 short sword and wearing a +0 leather armour (severely wounded, 75% to hit)
That beam is likely to hit you.
Continue anyway?
Uppercase [Y]es or [N]o only, please.
That beam is likely to hit you.
Continue anyway?
The zap misses Duvessa.
The zap hits Duvessa!
Duvessa is almost dead.
The zap misses you. Duvessa hits you with a +0 short sword!
You die...

#.##.#####.# ..
...####.##<.......
.......#.............
#..##..#.#.########.#
?...#..#.#.#
.....†.....#
....#......########
........#..........
###.e@..########
#.##.## #. ### .. ###


You could see Duvessa.

Vanquished Creatures
  Terence (D:3)
  A gnoll (D:1)
  4 adders
  A worm (D:4)
  4 dart slugs
  2 ball pythons
  7 endoplasms
  A giant cockroach (D:2)
  5 goblins
  2 hobgoblins
  11 jackals
  7 kobolds
  A quokka (D:1)
  A bat (D:3)
  2 frilled lizards (D:3)
  2 rats
52 creatures vanquished.

Notes
Turn   | Place    | Note
-------+----------+-------------------------------------------
     0 | D:1      | eriqlaplus the Tengu Air Elementalist began the quest for
                  | the Orb.
     0 | D:1      | Reached XP level 1. HP: 10/10 MP: 4/4
   151 | D:1      | Found a faded altar of an unknown god.
   372 | D:1      | Reached XP level 2. HP: 15/15 MP: 0/6
   586 | D:1      | Found Buuf's Armour Shoppe.
   630 | D:1      | Reached XP level 3. HP: 19/19 MP: 0/8
   713 | D:1      | Found Baoduvie's Antique Weapon Shoppe.
  1438 | D:2      | Identified the +2 leather armour "Gesef" {Rampage rN++}
  1679 | D:2      | Reached XP level 4. HP: 24/24 MP: 5/9
  1968 | D:2      | Reached skill level 5 in Air Magic
  2207 | D:3      | Noticed Terence
  2221 | D:3      | Killed Terence
  2652 | D:3      | Gained mutation: Your magical nature lets you fly swiftly
                  | and evasively. [Tengu growth]
  2652 | D:3      | Reached XP level 5. HP: 28/28 MP: 8/11
  4199 | D:4      | Noticed Duvessa
  4217 | D:4      | Mangled by Duvessa

Illustrated notes

Levels and vault maps discovered:
D:1:      saegor_arrival_under_anarchy, layout_loops_ring, serial_shops, shop,
          shop, ebering_ecumenical_altar_box, serial_rivers,
          chequers_serial_rivers_micro_c, chequers_serial_rivers_room_b,
          chequers_serial_rivers_micro_a, chequers_serial_rivers_small_b,
          chequers_serial_rivers_small_b
D:2:      layout_rooms
D:3:      layout_basic, uniq_terence
D:4:      layout_loops_ring, uniq_eustachio, uniq_pikel, uniq_duvessa

Skill      XL: |  1  2  3  4 |
---------------+-------------+-----
Conjurations   | 2 |  2.3
Air Magic      | 5 |  5.2
Spellcasting   | 3 |  3.6
Fighting       | |  0.1
Dodging        | |  2.3
Stealth        | |  2.4

Action                   |  1- 3 |  4- 6 || total
-------------------------+-------+-------++-------
Melee: Dagger            |    18 |    18 ||    36
       Kick              |     4 |     8 ||    12
       Peck              |     1 |       ||     1
       Punch             |     1 |       ||     1
 Cast: Shock             |    56 |    62 ||   118
Armor: Robe              |     2 |       ||     2
Dodge: Dodged            |    10 |    13 ||    23
